 Dungeon Crawl Stone Soup version 0.27-a0-1184-ge86db4a01e (webtiles) character file.

Game seed: 11708461990297643417

26 bisexualwizard the Skirmisher (level 3, 0/33 HPs)
             Began as a Hill Orc Abyssal Knight on May 19, 2021.
             Was a Believer of Lugonu.
             Slain by an adder (1 damage)
             ... on level 2 of the Dungeon.
             The game lasted 00:02:17 (823 turns).

bisexualwizard the Skirmisher (HOAK)                 Turns: 823, Time: 00:02:17

Health: 0/33       AC:  6    Str: 15    XL:     3   Next: 8%
Magic:  4/4        EV: 10    Int: 12    God:    Lugonu [**....]
Gold:   53         SH:  0    Dex: 10    Spells: 2/2 levels left

rFire    . . .     SeeInvis .   a - +1 hand axe
rCold    . . .     Faith    .   (no shield)
rNeg     . . .     Spirit   .   h - +0 ring mail
rPois    .         Reflect  .   (no helmet)
rElec    .         Harm     .   (no cloak)
rCorr    .         Rampage  .   c - +0 pair of gloves
Will     .....                  (no boots)
Stlth    ..........             (no amulet)
HPRegen  0.11/turn              (no ring)
MPRegen  0.09/turn              (no ring)

@: lethally poisoned (0 -> -1), studying Crossbows
A: no striking features
a: Renounce Religion, Depart the Abyss, Bend Space


You were on level 2 of the Dungeon.
You worshipped Lugonu.
Lugonu was pleased with you.
You visited 1 branch of the dungeon, and saw 2 of its levels.
You visited the Abyss 1 time.

You collected 53 gold pieces.

Inventory:

Hand Weapons
 a - a +1 hand axe (weapon)
Armour
 b - a +0 leather armour
 c - a +0 pair of gloves (worn)
 h - a +0 ring mail (worn)
Scrolls
 e - a scroll of identify {unknown}
 g - a scroll of enchant armour {unknown}
 i - 2 scrolls of enchant weapon {unknown}
Potions
 f - a potion of cancellation


   Skills:
 - Level 4.2 Fighting
 * Level 3.2 Axes
 - Level 2.5 Armour
 - Level 1.0 Dodging
 + Level 2.5 Invocations


You had 2 spell levels left.
You didn't know any spells.
Your spell library was empty.

Dungeon Overview and Level Annotations

Branches:
Dungeon (2/15)

Altars:


Message History

The adder is almost dead.
You feel sick. The adder bites you.
You closely miss the adder.
The adder is almost dead.
You feel sick. The adder barely misses you.
The adder bites you but does no damage.
Your ring mail prevents you from hitting the adder.
The adder is almost dead.
You feel sick.
You are no longer poisoned.
The adder closely misses you.
You barely miss the adder.
The adder is almost dead.
The adder completely misses you. The adder bites you.
* * * LOW HITPOINT WARNING * * *
You hit the adder.
The adder is almost dead.
The adder bites you but does no damage.
You barely miss the adder.
The adder is almost dead.
The adder bites you but does no damage. The adder closely misses you.
It was a potion of cancellation.
You feel magically purged. The adder barely misses you.
It was a potion of magic.
Magic courses through your body. The adder bites you.
* * * LOW HITPOINT WARNING * * *
You are lethally poisoned!
The adder poisons you!
You barely miss the adder.
The adder is severely wounded.
* * * LOW HITPOINT WARNING * * *
You feel sick. The adder barely misses you. The adder misses you.
You hit the adder.
The adder is almost dead.
* * * LOW HITPOINT WARNING * * *
You feel sick. The adder bites you but does no damage.
You closely miss the adder.
The adder is almost dead.
* * * LOW HITPOINT WARNING * * *
You feel sick. The adder bites you but does no damage. The adder bites you.
You die...

##....##.#..
...........$.##.##..
..............#.#..
.........^........
.................###
...............#....
..................? #
..........)....#####....
#.............JS@.....#
##..?..#......#########
#...#####.###.# ..###
#......# ## #...####
#...# #...# #####


You could see an adder and an endoplasm.

Vanquished Creatures
  2 dart slugs (D:2)
  3 ball pythons
  4 endoplasms (D:1)
  A goblin (D:1)
  A hobgoblin (D:1)
  3 quokkas (D:1)
  5 bats (D:1)
19 creatures vanquished.

Notes
Turn   | Place    | Note
-------+----------+-------------------------------------------
     0 | Abyss:1  | bisexualwizard the Hill Orc Abyssal Knight began the quest
                  | for the Orb.
     0 | Abyss:1  | Reached XP level 1. HP: 19/19 MP: 2/2
    19 | D:1      | Escaped the Abyss
   361 | D:1      | Reached skill level 4 in Fighting
   362 | D:1      | Reached XP level 2. HP: 26/27 MP: 3/3
   626 | D:1      | Reached skill level 1 in Dodging
   777 | D:2      | Reached XP level 3. HP: 33/33 MP: 4/4
   812 | D:2      | Reached ** piety under Lugonu
   823 | D:2      | HP: 1/33 [poisoned by an adder]
   823 | D:2      | Slain by an adder

Illustrated notes

Levels and vault maps discovered:
D:1:      dpeg_arrival_rooms_b, layout_loops_ring
D:2:      layout_rooms, hellmonk_ecumenical_altar_heavens_door, basic_altar,
          uniq_crazy_yiuf_cottage

Skill      XL: |  1  2 |
---------------+-------+-----
Fighting       | 4 |  4.2
Axes           | 3 |  3.2
Dodging        | 1 |  1.0
Armour         | |  2.5
Invocations    | |  2.5

Action                   || total
-------------------------++-------
Melee: Hand axe          ||    79
  Use: Potion            ||     2
Armor: Leather armour    ||    13
       Ring mail         ||    21
Dodge: Dodged            ||    69

Table legend: (Time is in decaauts)
 A = Elapsed time spent in this place.
 B = Non-inter-level travel time spent in this place.
 C = Inter-level travel time spent in this place.
 D = Time resting spent in this place.
 E = Time spent auto-exploring this place.
 F = Levels seen in this place.
 G = Mean time per level.
                   A        B        C        D        E       F      G
               +--------+--------+--------+--------+--------+-----+--------+
         Total |    835 |    804 |     31 |      0 |    580 |   3 |  278.3 |
       Dungeon |    816 |    785 |     31 |      0 |    580 |   2 |  408.0 |
         Abyss |     19 |     19 |      0 |      0 |      0 |   1 |   19.0 |
               +--------+--------+--------+--------+--------+-----+--------+

Top non-repeatable levels by time:
     D:1: 740 daAuts
     D:2: 75 daAuts
 Abyss:1: 19 daAuts
